 Dungeon Crawl Stone Soup version 0.27-a0-1434-g6f15984924 (webtiles) character file.

Game seed: 8678397837468017623

24 blackman the Conjurer (level 2, -2/20 HPs)
             Began as a Draconian Conjurer on July 3, 2021.
             Slain by an orc (5 damage)
             ... on level 2 of the Dungeon.
             The game lasted 00:03:23 (1068 turns).

blackman the Conjurer (Draconian Conjurer)          Turns: 1068, Time: 00:03:24

Health: -2/20      AC:  4    Str:  9    XL:     2   Next: 79%
Magic:  2/5        EV: 12    Int: 18    God:
Gold:   42         SH:  0    Dex:  9    Spells: 5/6 levels left

rFire    . . .     SeeInvis .   j - staff of cold
rCold    + . .     Faith    .   (no shield)
rNeg     . . .     Spirit   .   (armour unavailable)
rPois    .         Reflect  .   (helmet restricted)
rElec    .         Harm     .   (no cloak)
rCorr    .         Rampage  .   (no gloves)
Will     .....                  (no boots)
Stlth    ++........             (no amulet)
HPRegen  0.06/turn              (no ring)
MPRegen  0.09/turn              (no ring)

@: no status effects
A: AC +4, unfitting armour, cold-blooded
a: no special abilities


You were on level 2 of the Dungeon.
You visited 1 branch of the dungeon, and saw 2 of its levels.

You collected 42 gold pieces.

Inventory:

Hand Weapons
 d - a +0 short sword
Magical Staves
 j - a staff of cold (weapon)
Scrolls
 a - 3 scrolls of identify {unknown}
 b - a scroll of amnesia {unknown}
 f - a scroll of teleportation {unknown}
Potions
 c - a potion of attraction {unknown}
 e - a potion of ambrosia {unknown}
 g - 2 potions of curing {unknown}
 h - a potion of haste {unknown}
 i - a potion of invisibility {unknown}


   Skills:
 - Level 1.7 Dodging
 - Level 1.7 Stealth
 + Level 2.6 Spellcasting
 + Level 4.4 Conjurations


You had 5 spell levels left.
You knew the following spells:

 Your Spells              Type           Power      Damage    Failure   Level
a - Magic Dart            Conj           72%        1d6       2%          1

Your spell library contained the following spells:

 Spells                   Type           Power      Damage    Failure   Level
 Searing Ray              Conj           36%        3d4       4%          2
 Dazzling Flash           Conj/Hex       20%        N/A       21%         3
 Fulminant Prism          Conj/Hex       5%         3d7       56%         4
 Iskenderun's Mystic Bla  Conj/Tloc      10%        2d4       56%         4


Dungeon Overview and Level Annotations

Branches:
Dungeon (2/15)

Altars:


Innate Abilities, Weirdness & Mutations

Your plain brown scales are hard. (AC +4)
You cannot fit into any form of body armour.
You are cold-blooded and may be slowed by cold attacks.


Message History

The orc is almost dead.
The orc hits you with a +0 flail. x2
You hit the orc.
You kill the orc!
The orc hits you but does no damage.
You hit the orc.
You tail-slap the orc, but do no damage.
The orc is moderately wounded.
The orc hits you with a +0 hand axe.
You closely miss the orc.
The orc is moderately wounded.
The orc barely misses you.
You hit the orc but do no damage.
The orc is moderately wounded.
The orc barely misses you.
You hit the orc.
The orc is heavily wounded.
The orc barely misses you.
You barely miss the orc.
The orc is heavily wounded.
The orc hits you but does no damage. The orc hits you with a +0 hand axe.
You hit the orc but do no damage.
The orc is heavily wounded.
The orc barely misses you.
You hit the orc but do no damage.
The orc is heavily wounded.
The orc hits you with a +0 hand axe.
* * * LOW HITPOINT WARNING * * *
You hit the orc but do no damage.
The orc is heavily wounded.
The orc closely misses you.
Casting: Magic Dart (safe; 2% risk of failure)
Confirm with . or Enter, or press ? or * to list all spells.
Aiming: Magic Dart (safe; 2% risk of failure)
Press: ? - help, Shift-Dir - straight line, f - orc
Aim: an orc, wielding a +0 hand axe and wearing a +0 scale mail (heavily wounded, 100% to hit)
The magic dart hits the orc but does no damage.
The orc is heavily wounded.
The orc hits you with a +0 hand axe.
You die...

##########
#.# #.##
.<## .....
###.###..##
#..+......
+..........
..##......
###.####.##
...#......
#.#
##........
#.#
.#........
#.#
##.#......
#o#
#..#######
#@# ..###
#.# ..#.#
#........
#.#.#
#########
....# ###.#
# #.# #.#
#.#


You could see an orc.

Vanquished Creatures
  A dart slug (D:1)
  3 orcs (D:2)
  2 endoplasms (D:1)
  A giant cockroach (D:1)
  2 hobgoblins
  2 bats
  2 goblins (D:1)
  A kobold (D:1)
  6 rats (D:1)
20 creatures vanquished.

Notes
Turn   | Place    | Note
-------+----------+-------------------------------------------
     0 | D:1      | blackman the Draconian Conjurer began the quest for the
                  | Orb.
     0 | D:1      | Reached XP level 1. HP: 14/14 MP: 3/3
   443 | D:1      | Reached XP level 2. HP: 20/20 MP: 3/5
  1068 | D:2      | Slain by an orc

Illustrated notes

Levels and vault maps discovered:
D:1:      heliophobic_arrival_enchanted_forest, layout_rooms
D:2:      layout_basic, shapermc_ecumenical_altar_mp_highgroup,
          kennysheep_small_spiral, minmay_bisected

Action                   || total
-------------------------++-------
Melee: Unarmed           ||     6
       Tailslap          ||     2
       Staff             ||    17
 Cast: Magic Dart        ||    34
Armor: Skin              ||     3
Dodge: Dodged            ||    19

Table legend: (Time is in decaauts)
 A = Elapsed time spent in this place.
 B = Non-inter-level travel time spent in this place.
 C = Inter-level travel time spent in this place.
 D = Time resting spent in this place.
 E = Time spent auto-exploring this place.
 F = Levels seen in this place.
 G = Mean time per level.
                   A        B        C        D        E       F      G
               +--------+--------+--------+--------+--------+-----+--------+
         Total |   1072 |   1051 |     21 |    408 |    467 |   2 |  536.0 |
       Dungeon |   1072 |   1051 |     21 |    408 |    467 |   2 |  536.0 |
               +--------+--------+--------+--------+--------+-----+--------+

Top non-repeatable levels by time:
     D:1: 842 daAuts
     D:2: 229 daAuts
